 Dungeon Crawl Stone Soup version 0.20.1-1-g8b1a95d (webtiles) character file.

231 Zentaure the Bolt Thrower (level 5, -4/41 HPs)
             Began as a Centaur Hunter on Nov 5, 2017.
             Was an Initiate of Okawaru.
             Slain by an iguana (12 damage)
             ... on level 4 of the Dungeon.
             The game lasted 00:07:00 (2471 turns).

Zentaure the Bolt Thrower (Centaur Hunter)          Turns: 2471, Time: 00:07:01

Health: -4/41      AC:  5    Str: 15    XL:     5   Next: 72%
Magic:  5/5        EV:  9    Int: 10    God:    Okawaru [......]
Gold:   194        SH:  0    Dex: 10    Spells: 4/4 levels left

rFire    . . .     SeeInvis .   a - +1 hand crossbow
rCold    + . .     Gourm    .   (no shield)
rNeg     . . .     Faith    .   c - +0 leather armour
rPois    .         Spirit   .   r - +0 helmet
rElec    .         Reflect  .   (no cloak)
rCorr    .         Harm     .   (no gloves)
MR       +....                  (no barding)
Stlth    +.........             (no amulet)
Regen    0.2/turn               m - ring of protection from cold
MPRegen  0.1/turn               A - ring of protection from magic

@: very quick
A: hooves 3, deformed body, speed 2, tough skin 3
a: Renounce Religion


You were on level 4 of the Dungeon.
You worshipped Okawaru.
Okawaru was noncommittal.
You were hungry.

You visited 1 branch of the dungeon, and saw 4 of its levels.

You collected 194 gold pieces.

Inventory:

Hand Weapons
 a - a +1 hand crossbow (weapon)
 b - a +0 short sword
Missiles
 d - 60 bolts (quivered)
Armour
 c - a +0 leather armour (worn)
 r - a +0 helmet (worn)
Jewellery
 m - a ring of protection from cold (left hand)
 A - a ring of protection from magic (right hand)
Wands
 y - a wand of polymorph (8/24)
Scrolls
 e - a scroll of amnesia {unknown}
 g - a scroll of enchant weapon {unknown}
 j - 5 scrolls of identify {unknown}
 k - 2 scrolls of recharging {unknown}
 s - a scroll of immolation {unknown}
 z - a scroll of enchant armour {unknown}
Potions
 i - a potion of cancellation {unknown}
 l - a potion of heal wounds {unknown}
 n - a potion of brilliance {unknown}
 o - a potion of flight {unknown}
 p - a potion of might {unknown}
 u - a potion of invisibility {unknown}
 v - 2 potions of lignification {unknown}
 x - a potion of agility {unknown}
 C - a potion of mutation {unknown}
Comestibles
 f - 2 bread rations
 h - 3 meat rations
 q - 2 fruits
 w - 2 royal jellies


   Skills:
 - Level 2.0 Fighting
 + Level 7.7 Crossbows
 - Level 1.3 Dodging
 - Level 0.4 Stealth


You had 4 spell levels left.
You didn't know any spells.

Dungeon Overview and Level Annotations

Branches:
Dungeon (4/15)
 Temple: D:4-7

Altars:
Okawaru
Zin

Shops:
D:4 }(

Annotations:
D:3 1 runed door


Innate Abilities, Weirdness & Mutations

You have hooves in place of feet.
Armour fits poorly on your strangely shaped body.
You cover ground very quickly.
You have extremely tough skin. (AC +3)


Message History

The iguana is almost dead.
The iguana closely misses you.
Firing (i - inventory):
d - 63 bolts (quivered)
Press: ? - help, Shift-Dir - straight line, f/p - iguana
Aim: an iguana (almost dead)
You shoot a bolt.
The bolt hits the iguana but does no damage.
The iguana is almost dead.
The iguana barely misses you.
Firing (i - inventory):
d - 62 bolts (quivered)
Press: ? - help, Shift-Dir - straight line, f/p - iguana
Aim: an iguana (almost dead)
You shoot a bolt. The bolt barely misses the iguana.
The iguana bites you. The iguana bites you!
* * * LOW HITPOINT WARNING * * *
Firing (i - inventory):
d - 61 bolts (quivered)
Press: ? - help, Shift-Dir - straight line, f/p - iguana
Aim: an iguana (almost dead)
You shoot a bolt. The bolt closely misses the iguana.
The iguana bites you!
You die...

........'.............
........####....##..###
.......## ##..........#
#.....## #...........#
##...## #.#...♣...#.#
##'#######...)♣.♣....#
###.##........♣.♣.♣...
.......###...♣(♣.♣.♣..
###.#..# ##l♣.♣l@.♣.♣
##.....# #...♣.♣.♣.♣..
#......##.....♣.♣.♣...
#..............♣ ♣....#
).#.#..##...#.. ..#..#
#####......... ......
......######## ######
#######


You could see an iguana.

Vanquished Creatures
  Blork the orc (D:4)
  A hound (D:4)
  An iguana (D:4)
  2 adders
  An ooze (D:2)
  2 adder skeletons (D:4)
  4 worms
  A dart slug (D:1)
  2 ball pythons
  5 giant cockroaches
  5 hobgoblins (D:1)
  5 jackals (D:1)
  A quokka (D:2)
  12 bats
  4 frilled lizards
  9 goblins
  9 kobolds
  7 rats
72 creatures vanquished.

Notes
Turn   | Place    | Note
-------+----------+-------------------------------------------
     0 | D:1      | Zentaure the Centaur Hunter began the quest for the Orb.
     0 | D:1      | Reached XP level 1. HP: 17/17 MP: 1/1
   186 | D:1      | Reached XP level 2. HP: 17/24 MP: 2/2
   247 | D:1      | Reached skill level 5 in Crossbows
   417 | D:1      | Reached XP level 3. HP: 29/29 MP: 3/3
   970 | D:2      | Reached skill level 6 in Crossbows
   985 | D:2      | Reached XP level 4. HP: 33/36 MP: 4/4
  1188 | D:2      | Found a glowing silver altar of Zin.
  1647 | D:3      | Found a runed door.
  2118 | D:4      | Reached skill level 7 in Crossbows
  2118 | D:4      | Reached XP level 5. HP: 19/41 MP: 5/5
  2134 | D:4      | Found Johes's Antique Weapon Shop.
  2274 | D:4      | Found Sewesor's Gadget Shoppe.
  2345 | D:4      | Noticed Blork the orc
  2412 | D:4      | Killed Blork the orc
  2455 | D:4      | Found an iron altar of Okawaru.
  2463 | D:4      | Became a worshipper of Warmaster Okawaru
  2471 | D:4      | Slain by an iguana

Skill      XL: |  1  2  3  4 |
---------------+-------------+-----
Crossbows      | 5 6 7 |  7.7
Fighting       | |  2.0
Dodging        | |  1.3
Stealth        | |  0.4

Action                   |  1- 3 |  4- 6 || total
-------------------------+-------+-------++-------
 Fire: Hand crossbow     |   113 |    97 ||   210
  Use: Scroll            |       |     1 ||     1
  Eat: Chunk             |       |     2 ||     2
Armor: Leather armour    |    20 |    19 ||    39
Dodge: Dodged            |    21 |    21 ||    42
